 Dungeon Crawl Stone Soup version 0.19-a0-1803-g97ff39f (webtiles) character file.

1620 Naow the Cleaver (level 8, -1/100 HPs)
             Began as a Minotaur Berserker on Oct 5, 2016.
             Was a Believer of Trog.
             Slain by a killer bee (9 damage)
             ... on level 7 of the Dungeon.
             The game lasted 00:05:49 (5327 turns).

Naow the Cleaver (Minotaur Berserker)               Turns: 5327, Time: 00:05:50

Health: -1/100     AC:  2    Str: 28    XL:     8   Next: 64%
Magic:  7/7        EV: 12    Int:  6    God:    Trog [**....]
Gold:   308        SH:  0    Dex:  9    Spells: 0 memorised, 7 levels left

rFire  . . .     SeeInvis .     a - +0 hand axe
rCold  . . .     Gourm    .     b - +0 animal skin
rNeg   . . .     Faith    .     (no shield)
rPois  .         Spirit   .     (helmet restricted)
rElec  .         Dismiss  .     (no cloak)
rCorr  .         Reflect  .     (no gloves)
MR     .....     Harm     .     (no boots)
Stlth  ..........               (no amulet)
                                (no ring)
                                (no ring)

@: berserking, lethally poisoned (-1 -> -14), very quick
A: retaliatory headbutt, horns 2
a: Berserk, Trog's Hand, Burn Spellbooks, Renounce Religion


You were on level 7 of the Dungeon.
You worshipped Trog.
Trog was pleased with you.
You were hungry.

You visited 1 branch of the dungeon, and saw 6 of its levels.

You collected 308 gold pieces.

Inventory:

Hand Weapons
 a - a +0 hand axe (weapon)
Armour
 b - a +0 animal skin (worn)
Jewellery
 r - a cursed amulet of inaccuracy {unknown}
 s - a +3 ring of strength {unknown}
Wands
 w - a wand of random effects (22/48)
Scrolls
 e - 6 scrolls of identify {unknown}
 f - 2 scrolls of fear {unknown}
 h - 2 scrolls of random uselessness {unknown}
 k - a scroll of teleportation {unknown}
 l - 3 scrolls of enchant armour {unknown}
 o - a scroll of noise {unknown}
 q - a scroll of recharging {unknown}
 u - 3 scrolls of remove curse {unknown}
 v - a scroll of fog {unknown}
 y - a scroll of magic mapping {unknown}
 z - a scroll of amnesia {unknown}
Potions
 d - 2 potions of lignification
 j - a potion of curing
 m - a potion of cancellation {unknown}
 p - a potion of agility {unknown}
 t - a potion of might {unknown}
 x - 2 potions of ambrosia {unknown}
Comestibles
 c - 5 bread rations
 g - a slice of pizza
 i - a meat ration
 n - 2 fruits


   Skills:
 - Level 4.4 Fighting
 + Level 12.7 Axes
 - Level 2.8 Armour
 - Level 2.5 Dodging


You had 7 spell levels left.
You didn't know any spells.

Dungeon Overview and Level Annotations

Branches:
Dungeon (7/15)
 Temple: D:4-7

Altars:
Okawaru
Trog


Innate Abilities, Weirdness & Mutations

You reflexively headbutt those who attack you in melee.
You have a pair of horns on your head.


Message History

You hit the killer bee. x2
You kill the killer bee!
Trog accepts your kill.
* * * LOW HITPOINT WARNING * * *
You feel sick. The killer bee closely misses you. The killer bee stings you.
* * * LOW HITPOINT WARNING * * *
You closely miss the killer bee. Your headbutt misses the killer bee.
The killer bee is heavily wounded.
You closely miss the killer bee. You hit the killer bee.
* * * LOW HITPOINT WARNING * * *
You feel sick. The killer bee stings you.
* * * LOW HITPOINT WARNING * * *
The killer bee barely misses you. x2
You hit the killer bee.
The killer bee is almost dead.
You barely miss the killer bee. You miss the killer bee.
* * * LOW HITPOINT WARNING * * *
You feel sick. The killer bee barely misses you. x2
The killer bee stings you!
You die...

#.#. #....#
###.#.######....####
....................
#...###.........###
...###...<........
#.#...........###
#...####......#
#)#y# #...####
.$.#@# #...# ##.#yy#
###.# ..#..# ..
#..#..# ## #. ....
##.#... .#.#. # #.
.#


You could see 3 killer bees.

Vanquished Creatures
  The ghost of Deemzul the Cleaver, a novice MiMo of Cheibriados (D:6)
  An orc warrior (D:6)
  2 ogres
  2 phantoms (D:6)
  A centaur (D:7)
  A bullfrog (D:6)
  A scorpion (D:4)
  2 killer bees (D:7)
  A crimson imp (D:6)
  An orc priest (D:6)
  3 hounds
  An orc wizard (D:3)
  2 worker ants (D:4)
  A hound zombie (D:2)
  4 gnolls (D:6)
  9 adders
  An adder skeleton (D:4)
  2 worms (D:3)
  6 leopard geckos
  6 orcs
  A ball python (D:3)
  2 bat skeletons (D:2)
  4 giant cockroaches
  6 goblins
  3 hobgoblins
  7 jackals
  6 kobolds
  A quokka (D:3)
  2 bats
  2 frilled lizards (D:3)
  A jackal skeleton (D:4)
  A quokka skeleton (D:2)
  A quokka zombie (D:2)
  5 rats
90 creatures vanquished.

Notes
Turn   | Place    | Note
-------+----------+-------------------------------------------
     0 | D:1      | Naow the Minotaur Berserker began the quest for the Orb.
     0 | D:1      | Reached XP level 1. HP: 19/19 MP: 0/0
   615 | D:2      | Reached skill level 4 in Axes
   615 | D:2      | Reached XP level 2. HP: 16/27 MP: 1/1
  1009 | D:2      | Reached XP level 3. HP: 28/33 MP: 2/2
  1302 | D:2      | Reached skill level 5 in Axes
  1302 | D:2      | Reached XP level 4. HP: 30/41 MP: 3/3
  1530 | D:3      | Reached ** piety under Trog
  2014 | D:3      | Found an iron altar of Okawaru.
  2023 | D:3      | Found a bloodstained altar of Trog.
  2052 | D:3      | Reached skill level 6 in Axes
  2055 | D:3      | Reached XP level 5. HP: 33/47 MP: 4/4
  2646 | D:4      | Noticed an ogre
  2654 | D:4      | Killed an ogre
  2654 | D:4      | Reached skill level 7 in Axes
  2668 | D:4      | Reached XP level 6. HP: 24/53 MP: 5/5
  2881 | D:4      | Reached skill level 8 in Axes
  3378 | D:4      | You fall through a shaft for 2 floors!
  3408 | D:6      | Noticed Deemzul's ghost (novice MiMo)
  3423 | D:6      | Killed Deemzul's ghost
  3423 | D:6      | Reached skill level 10 in Axes
  3423 | D:6      | Reached XP level 7. HP: 51/60 MP: 6/6
  3546 | D:6      | Reached skill level 11 in Axes
  3622 | D:6      | Reached XP level 8. HP: 63/67 MP: 7/7
  4419 | D:6      | Reached skill level 12 in Axes
  5327 | D:7      | Slain by a killer bee

Vault maps used:
D:1:      dpeg_arrival_water_fire
D:2:      serial_undead, serial_undead_b, serial_undead_e, serial_undead_f,
          serial_undead_c, serial_undead_f
D:3:      amethyst_overflow_temple_binary, first_bread
D:4:      minivault_19

Skill      XL: |  1  2  3  4  5  6  7  8 |
---------------+-------------------------+-----
Fighting       | 4 |  4.4
Axes           | 4 5 6 7 10 11 12 | 12.7
Armour         | |  2.8
Dodging        | |  2.5

Action                   |  1- 3 |  4- 6 |  7- 9 || total
-------------------------+-------+-------+-------++-------
Melee: Hand axe          |    65 |   125 |   132 ||   322
       Headbutt          |     6 |    17 |    16 ||    39
Invok: Berserk           |       |     2 |     3 ||     5
       Trog's Hand       |       |     1 |       ||     1
  Use: Potion            |     2 |       |       ||     2
 Stab: Sleeping          |       |     1 |       ||     1
  Eat: Chunk             |     1 |     8 |     8 ||    17
       Fruit             |       |       |     1 ||     1
Armor: Skin              |     3 |       |       ||     3
       Animal skin       |     7 |    12 |     8 ||    27
Dodge: Dodged            |    40 |    69 |    70 ||   179
